 Dungeon Crawl Stone Soup version 0.30-a0-737-gf23d94013f (webtiles) character file.

Game seed: 13518955015658576349

141087 Legacy the Warrior (level 16, -13/161 HPs)
             Began as a Minotaur Berserker on Feb 2, 2023.
             Was a High Priest of Trog.
             Succumbed to a swamp dragon's poison gas
             ... on level 3 of the Swamp.
             The game lasted 01:18:35 (30854 turns).

Legacy the Warrior (Minotaur Berserker)            Turns: 30854, Time: 01:18:36

Health: -13/161    AC: 28    Str: 35    XL:     16   Next: 77%
Magic:  12/34      EV: 19    Int: 13    God:    Trog [*****.]
Gold:   3015       SH: 21    Dex: 17    Spells: 15/15 levels left

rFire   . . .      SeeInvis +    w - +2 war axe (vamp)
rCold   . . .      Faith    .    F - +1 tower shield
rNeg    + . .      Spirit   +    k - +9 ring mail "Hirghojic" {*Slow rElec Str+2 Dex+4}
rPois   .          Reflect  .    e - +3 hat of Pondering {ponderous, Will+ MP+10 Int+5}
rElec   +          Harm     .    (no cloak)
rCorr   .          Rampage  .    Y - +0 pair of gloves
Will    ++...                    U - +1 pair of boots of Extunorgh {rN+ MP+9 Int+4 SInv}
Stlth   +                        a - amulet of guardian spirit
HPRegen 0.46/turn                b - +6 ring of strength
MPRegen 0.24/turn                s - +4 ring of protection

@: lethally poisoned (-13 -> -76), on berserk cooldown, slowed, very slow
A: horns 2, retaliatory headbutt
a: Renounce Religion, Berserk, Trog's Hand, Brothers in Arms


You were on level 3 of the Swamp.
You worshipped Trog.
Trog was extremely pleased with you.
You visited 4 branches of the dungeon, and saw 26 of its levels.
You also visited: Bailey.

You collected 3315 gold pieces.
You spent 300 gold pieces at shops.

Inventory:

Hand Weapons
 c - a +4 war axe of flaming
 h - a +3 broad axe of protection
 w - a +2 vampiric war axe (weapon)
 Q - a +6 executioner's axe of electrocution
Missiles
 K - 3 throwing nets
Armour
 e - the +3 hat of Pondering (worn) {ponderous, Will+ MP+10 Int+5}
   (You took it off Gastronok on level 3 of the Lair of Beasts)

   Int:       It affects your intelligence (+5).
   MP:        It affects your magic capacity (+10).
   Will:      It increases your willpower.
 k - the +9 ring mail "Hirghojic" (worn) {*Slow rElec Str+2 Dex+4}
   (You found it on level 2 of the Dungeon)

   Str:       It affects your strength (+2).
   Dex:       It affects your dexterity (+4).
   rElec:     It insulates you from electricity.
   *Slow:     It may slow you when you take damage.
 D - a +0 plate armour of cold resistance
 F - a +1 tower shield (worn)
 U - the +1 pair of boots of Extunorgh (worn) {rN+ MP+9 Int+4 SInv}
   (You found it on level 11 of the Dungeon)

   Int:       It affects your intelligence (+4).
   rN:        It protects you from negative energy.
   MP:        It affects your magic capacity (+9).
   SInv:      It lets you see invisible.
 Y - a +0 pair of gloves (worn)
Jewellery
 a - an amulet of guardian spirit (around neck)
 b - a +6 ring of strength (left hand)
 f - a ring of protection from fire
 g - a ring of ice
 s - a +4 ring of protection (right hand)
 E - a +4 ring of protection
 T - a ring of willpower
Wands
 r - a wand of flame (35)
 z - a wand of roots (40)
 C - a wand of mindburst (9)
 H - a wand of charming (14)
 L - a wand of digging (3)
Scrolls
 d - 8 scrolls of teleportation
 i - 5 scrolls of vulnerability
 n - 7 scrolls of enchant armour
 p - 2 scrolls of summoning
 y - a scroll of fear
 G - 6 scrolls of magic mapping
 J - 3 scrolls of silence
 N - 5 scrolls of fog
 V - a scroll of enchant weapon
 W - 5 scrolls of poison
Potions
 j - 12 potions of curing
 l - 4 potions of heal wounds
 m - 6 potions of haste
 o - 6 potions of might
 u - 3 potions of attraction
 v - a potion of lignification
 x - a potion of mutation
 A - 6 potions of invisibility
 B - a potion of berserk rage
 M - 2 potions of cancellation
 O - 4 potions of resistance
 P - 4 potions of magic
 S - 4 potions of flight
 X - a potion of ambrosia
Miscellaneous
 q - a phial of floods
 I - a lightning rod (4/4)
 R - a piece from Xom's chessboard (15/15)


   Skills:
 * Level 19.6 Fighting
 + Level 16.2 Axes
 * Level 12.8 Armour
 * Level 15.4 Dodging
 + Level 2.6 Stealth
 + Level 17.1 Shields


You had 15 spell levels left.
You didn't know any spells.
Your spell library was empty.

Dungeon Overview and Level Annotations

Branches:
Dungeon (15/15)            Temple (0/1) D:5            Lair (5/5) D:11
  Swamp (4/4) Lair:2       Spider (0/4) Lair:3        Slime (0/5) Lair:5
    Orc (2/2) D:11            Elf (0/3) Orc:2        Vaults (0/5) D:13
 Depths (0/4) D:15         Bailey (visited)

Altars:
Cheibriados
Elyvilon
Gozag
Makhleb
Nemelex Xobeh
Qazlal
Ru
Sif Muna
Trog
Uskayaw
Wu Jian
Xom
Zin
The Shining One

Shops:
D:3 (   D:5 *   D:9 *   D:11 [   Orc:2 (([[

Portals:
Hell: Lair:5

Annotations:
Swamp:4 Louise


Innate Abilities, Weirdness & Mutations

You have a pair of horns on your head.
You reflexively headbutt those who attack you in melee.


Message History

The swamp dragon bites you but does no damage.
You block the swamp dragon's attack. x2
Your unstable footing causes you to fumble your attack.
You are engulfed in poison gas.
You are more poisoned.
* * * LOW HITPOINT WARNING * * *
x2 You feel extremely sick.
You block the 13-headed hydra's attack.
The 13-headed hydra bites you but does no damage.
You block the 13-headed hydra's attack.
The 13-headed hydra bites you but does no damage.
The 13-headed hydra closely misses you.
You block the 13-headed hydra's attack. x3
The 13-headed hydra bites you.
* * * LOW HITPOINT WARNING * * *
The 13-headed hydra bites you but does no damage.
The 13-headed hydra closely misses you.
The 13-headed hydra bites you but does no damage.
The 13-headed hydra barely misses you.
The swamp dragon attacks as you move away!
The swamp dragon bites you but does no damage.
The swamp dragon claws you but does no damage.
The swamp dragon completely misses you.
You are engulfed in poison gas.
You are more poisoned.
* * * LOW HITPOINT WARNING * * *
You feel extremely sick. The swamp dragon misses you. You furiously retaliate!
You headbutt the swamp dragon!! You block the swamp dragon's attack.
The swamp dragon tramples you.
* * * LOW HITPOINT WARNING * * *
You stumble backwards!
You are too berserk!
You enter the shallow water.
Moving in this stuff is going to be slow.
You feel a strong urge to attack something.
* * * LOW HITPOINT WARNING * * *
You feel extremely sick.
You are no longer berserk.
You are exhausted.
You feel yourself slow down.
You die...

♣.~~...♣♣♣♣..♣~...~<~~♣ ♣~~~~~~~.
.♣~...♣♣♣...♣♣~~~~....♣♣♣♣~..~~~.
.♣♣♣~♣♣ ♣.~.♣♣♣~~~.♣♣...~♣♣♣~~~~.
.♣.♣♣♣♣♣♣♣.~.♣♣....~♣~.♣♣♣ ♣♣.~..
♣...♣ ♣..♣.~.♣♣♣♣..~♣♣♣♣ ♣♣♣..
..~♣♣♣♣.....§.~♣♣.~~§.♣ ♣..
...~♣♣.§~.~..~~.~~~~~.♣♣ ♣♣♣
~~..~..~~.~..§~.~~~§..~♣♣
♣.♣....♣~♣.~♣♣..@~.DD~~>♣
♣♣♣..♣♣♣♣♣♣♣♣♣♣♣♣♣♣♣°°~.♣ .♣.~~♣♣
♣♣♣♣♣♣ ..~..~♣♣ ~.~....♣ ♣♣♣
...♣♣~♣♣ ♣♣~♣♣ ~..~♣.♣♣♣♣..~♣
...~~..♣♣.♣~♣♣ ..~...♣~.....♣


You could see a 13-headed hydra and a swamp dragon.

Vanquished Creatures
  Rupert (D:13)
  Gastronok (Lair:3)
  The ghost of Qig Fewk the Cleaver, a journeyman HOFi of Fedhas (Orc:1)
  Aizul (Swamp:3)
  The ghost of Pooter the Severer, a journeyman MiBe of Trog (Lair:5)
  6 eleionomae
  The ghost of Likado the Fighter, a journeyman DrRe of Vehumet (Lair:5)
  Nessos (Lair:4)
  3 bunyips
  2 dire elephants (Swamp:3)
  Snorg (D:13)
  A fire dragon (D:13)
  A vault guard (D:13)
  A hell beast (Lair:5)
  18 hydras
  2 catoblepae
  Erica (D:8)
  Harold (Lair:1)
  The ghost of porpoise the Demonic Cataclysm, a journeyman DsGl of Qazlal (Lair:2)
  3 boulder beetles
  2 death knights
  4 centaur warriors
  7 alligators
  A tengu warrior (D:14)
  11 death yaks
  12 two-headed ogres
  An orc high priest (Orc:2)
  Lodul (D:10)
  A deep elf knight (Swamp:3)
  3 goliath frogs
  8 swamp dragons
  3 spriggan druids (Swamp:2)
  7 bog bodies
  4 wizards
  A deep elf archer (Swamp:3)
  Pikel (D:8)
  6 orc knights
  2 phantasmal warriors (D:14)
  5 orc sorcerers (Orc:2)
  4 will-o-the-wisps
  11 ugly things
  A wolf spider (D:14)
  An oklob plant (Lair:5)
  5 cyclopes
  3 manticores (D:15)
  6 black mambas
  4 elephants (Lair:1)
  A torpor snail (Lair:2)
  2 orange demons (Lair:5)
  A smoke demon (Lair:5)
  A gargoyle (D:11)
  A cane toad (shapeshifter) (D:15)
  17 cane toads
  4 rime drakes (Lair:5)
  10 komodo dragons
  3 ice devils (Lair:5)
  A yaktaur (D:15)
  A tengu conjurer (D:14)
  A merfolk (D:15)
  A meliai (Lair:3)
  8 trolls
  A queen bee (shapeshifter) (D:15)
  A polar bear (Lair:5)
  9 tyrant leeches
  7 hornets
  A raiju (Swamp:3)
  15 blink frogs
  8 dream sheep
  6 slime creatures
  A centaur simulacrum (D:15)
  2 shadows
  6 spriggans
  20 humans (D:13)
  7 wraiths
  Grum (D:9)
  11 basilisks
  4 wyverns
  37 yaks
  2 steam dragons
  3 vampire mosquitoes (Swamp:1)
  A naga (shapeshifter) (D:15)
  12 swamp worms
  6 wargs
  5 hell hounds (Lair:5)
  3 acid dragons
  11 water moccasins
  2 swamp drakes
  38 orc warriors
  4 ice beasts
  13 ogres
  3 black bears
  25 wolves
  16 centaurs
  13 bullfrogs
  3 kobold brigands
  Blork the orc (D:5)
  2 gnoll sergeants
  20 wights
  13 killer bees
  3 electric eels (Lair:4)
  11 howler monkeys
  4 lava snakes (D:14)
  5 hounds
  22 orc priests
  6 jellies
  Terence (D:2)
  4 iguanas
  Natasha (thrice) (D:2)
  34 orc wizards
  A mummy (D:8)
  11 gnolls
  8 adders
  3 shadow imps (D:7)
  A white imp (D:8)
  3 ufetubi
  A worm (D:2)
  4 dart slugs
  110 orcs
  6 endoplasms
  2 giant cockroaches
  6 goblins
  15 hobgoblins
  16 kobolds
  6 quokkas
  4 ball pythons
  12 bats
  A hobgoblin zombie (D:8)
  2 orc zombies (D:8)
  5 rats
  2 bushes (Lair:4)
  A butterfly (Lair:5)
861 creatures vanquished.

Vanquished Creatures (collateral kills)
  A wolf (D:9)
1 creature vanquished.

Vanquished Creatures (others)
  An orc sorcerer (Orc:2)
  2 bloated husks (Swamp:3)
  A swamp drake (Swamp:1)
  A centaur (D:14)
  An orc wizard (Orc:2)
  A bush (Lair:3)
  A butterfly (D:10)
  32 foxfires
  37 fungi
  57 plants
134 creatures vanquished.

Grand Total: 996 creatures vanquished

Notes
Turn   | Place    | Note
-------+----------+-------------------------------------------
     0 | D:1      | Legacy the Minotaur Berserker began the quest for the Orb.
     0 | D:1      | Reached XP level 1. HP: 19/19 MP: 0/0
   115 | D:1      | Reached skill level 4 in Fighting
   203 | D:1      | Reached XP level 2. HP: 22/28 MP: 1/1
   664 | D:1      | Reached skill level 5 in Fighting
  1036 | D:1      | Reached XP level 3. HP: 33/36 MP: 2/2
  1222 | D:2      | Reached ** piety under Trog
  1238 | D:2      | Identified the +9 ring mail "Hirghojic" {*Slow rElec Str+2
                  | Dex+4}
  1564 | D:2      | Noticed Terence
  1577 | D:2      | Killed Terence
  1578 | D:2      | Reached skill level 6 in Fighting
  1578 | D:2      | Reached XP level 4. HP: 26/44 MP: 3/3
  1609 | D:2      | Noticed Natasha
  1620 | D:2      | Killed Natasha
  1680 | D:2      | Noticed Natasha
  1685 | D:2      | Killed Natasha
  1714 | D:2      | Noticed Natasha
  1731 | D:2      | Killed Natasha
  1732 | D:2      | Reached skill level 7 in Fighting
  1732 | D:2      | Reached XP level 5. HP: 17/52 MP: 4/4
  1952 | D:3      | Found Hoameif's Weapon Boutique.
  1973 | D:3      | Found a faded altar of an unknown god.
  2137 | D:3      | You fall into a shaft and drop 3 floors!
  2158 | D:6      | Noticed an orc warrior
  2173 | D:6      | Killed an orc warrior
  2174 | D:6      | Reached skill level 8 in Fighting
  2174 | D:6      | Reached XP level 6. HP: 53/62 MP: 5/5
  2265 | D:5      | Entered Level 5 of the Dungeon
  2298 | D:5      | Reached skill level 9 in Fighting
  2311 | D:4      | Noticed an ice beast
  2517 | D:3      | Found a glowing golden altar of the Shining One.
  2634 | D:3      | Reached XP level 7. HP: 71/71 MP: 6/6
  3122 | D:4      | Reached skill level 10 in Fighting
  3241 | D:4      | Reached *** piety under Trog
  3249 | D:4      | Found a bloodstained altar of Trog.
  3337 | D:4      | Reached skill level 11 in Fighting
  3354 | D:4      | Reached XP level 8. HP: 82/82 MP: 7/7
  3394 | D:4      | Identified the +3 whip of True Grit {heavy, SInv}
  3728 | D:5      | Noticed Blork the orc
  3741 | D:5      | Killed Blork the orc
  3748 | D:5      | Found a shimmering blue altar of Sif Muna.
  3844 | D:5      | Found a staircase to the Ecumenical Temple.
  3890 | D:5      | Found Vatitidij's Overcharged Wands.
  4498 | D:6      | Reached skill level 1 in Shields
  4593 | D:6      | Found a sacrificial altar of Ru.
  4650 | D:6      | Reached skill level 5 in Dodging
  4657 | D:6      | Reached skill level 12 in Fighting
  4712 | D:6      | Reached **** piety under Trog
  5152 | D:7      | Reached XP level 9. HP: 62/90 MP: 8/8
  5575 | D:7      | Reached skill level 5 in Armour
  6111 | D:7      | Reached skill level 5 in Shields
  6201 | D:8      | Noticed Erica
  6212 | D:8      | Killed Erica
  6213 | D:8      | Reached skill level 1 in Stealth
  6231 | D:8      | Found a glowing silver altar of Zin.
  6232 | D:8      | Noticed Pikel
  6242 | D:8      | Killed Pikel
  6244 | D:8      | Reached XP level 10. HP: 75/99 MP: 9/9
  6346 | D:8      | Found a sparkling altar of Nemelex Xobeh.
  7240 | D:9      | Noticed Grum
  7255 | D:9      | Killed Grum
  7458 | D:9      | Reached ***** piety under Trog
  7539 | D:9      | Found an opulent altar of Gozag.
  7544 | D:9      | Found Gozag's Platinum Reserve.
  7730 | D:9      | Found a hide-covered altar of Uskayaw.
  7758 | D:9      | Reached skill level 10 in Shields
  7991 | D:9      | Found a shimmering altar of Xom.
  8030 | D:9      | Reached skill level 13 in Fighting
  8061 | D:9      | Found an ornate altar of the Wu Jian Council.
  8376 | D:10     | Entered Level 10 of the Dungeon
  8381 | D:10     | Found a snail-covered altar of Cheibriados.
  8412 | D:10     | Found a flagged portal.
  8420 | D:10     | Received a gift from Trog
  8428 | Bailey   | Entered a bailey
  8925 | Bailey   | Reached XP level 11. HP: 97/107 MP: 10/10
  9290 | D:10     | Found a white marble altar of Elyvilon.
  9355 | D:10     | Noticed a two-headed ogre
  9357 | D:10     | Noticed Lodul
  9360 | D:10     | Noticed a two-headed ogre
  9364 | D:10     | Killed Lodul
  9364 | D:10     | Killed a two-headed ogre
  9365 | D:10     | Reached skill level 14 in Fighting
  9365 | D:10     | Reached skill level 5 in Axes
 10085 | D:10     | Killed a two-headed ogre
 10479 | D:11     | Found a staircase to the Orcish Mines.
 10503 | D:11     | Found Vocveer's Armour Emporium.
 10600 | D:11     | Received a gift from Trog
 10913 | D:11     | Identified the +1 pair of boots of Extunorgh {rN+ MP+9
                  | Int+4 SInv}
 10971 | D:11     | Noticed a two-headed ogre
 10972 | D:11     | Found a staircase to the Lair.
 10980 | D:11     | Killed a two-headed ogre
 11208 | D:11     | Reached XP level 12. HP: 118/118 MP: 11/11
 11601 | D:12     | Noticed a boulder beetle
 11629 | D:12     | Killed a boulder beetle
 11630 | D:12     | Reached skill level 10 in Dodging
 12121 | D:13     | Noticed a fire dragon
 12138 | D:13     | Killed a fire dragon
 12159 | D:13     | Noticed a two-headed ogre
 12171 | D:13     | Killed a two-headed ogre
 12172 | D:13     | Reached skill level 15 in Fighting
 12190 | D:13     | Noticed a seven-headed hydra
 12201 | D:13     | Killed a 14-headed hydra
 12354 | D:13     | Noticed a boulder beetle
 12386 | D:13     | Killed a boulder beetle
 12419 | D:13     | Noticed a death knight
 12432 | D:13     | Killed a death knight
 12655 | D:13     | Reached skill level 10 in Axes
 12842 | D:13     | Noticed a centaur warrior
 12852 | D:13     | Killed a centaur warrior
 12874 | D:13     | Noticed Rupert
 12878 | D:13     | Noticed a boulder beetle
 12906 | D:13     | Noticed a catoblepas
 13890 | D:13     | Killed a catoblepas
 14179 | D:13     | Found a gate to the Vaults.
 14179 | D:13     | Noticed a vault guard
 14187 | D:13     | Reached XP level 13. HP: 128/128 MP: 12/12
 14307 | D:13     | Noticed Snorg
 14315 | D:13     | Killed Snorg
 14363 | D:13     | Paralysed by Rupert for 2 turns
 14379 | D:13     | Killed Rupert
 14716 | D:14     | Reached skill level 16 in Fighting
 15985 | D:15     | Entered Level 15 of the Dungeon
 16457 | Lair:1   | Entered Level 1 of the Lair of Beasts
 16457 | Lair:1   | Noticed Harold
 16482 | Lair:1   | Killed Harold
 16956 | Lair:1   | Identified the +4 war axe "Grim" {drain, Fly rF- Int+5
                  | Dex+3}
 17513 | Lair:2   | Reached XP level 14. HP: 138/138 MP: 13/13
 17559 | Lair:2   | Found a staircase to the Swamp.
 17772 | Lair:2   | Found a runed translucent door.
 17775 | Lair:2   | Noticed porpoise's ghost (journeyman DsGl)
 17852 | Lair:2   | Received a gift from Trog
 17853 | Lair:2   | Reached skill level 17 in Fighting
 17895 | Lair:2   | Killed porpoise's ghost
 18754 | Lair:3   | Found a hole to the Spider Nest.
 18794 | Lair:3   | Noticed Gastronok
 18811 | Lair:3   | Killed Gastronok
 19360 | Lair:4   | Noticed Nessos
 19387 | Lair:4   | Killed Nessos
 20286 | Lair:5   | Entered Level 5 of the Lair of Beasts
 20286 | Lair:5   | Found a staircase to the Slime Pits.
 20316 | Lair:5   | Reached skill level 10 in Armour
 20504 | Lair:5   | Received a gift from Trog
 20563 | Lair:5   | Found a runed translucent gate.
 20563 | Lair:5   | Found a runed translucent gate.
 20563 | Lair:5   | Found a runed translucent gate.
 20564 | Lair:5   | Noticed Pooter's ghost (journeyman MiBe)
 20565 | Lair:5   | Noticed Likado's ghost (journeyman DrRe)
 20610 | Lair:5   | Killed Pooter's ghost
 20624 | Lair:5   | Killed Likado's ghost
 20910 | Lair:5   | Reached XP level 15. HP: 136/149 MP: 14/14
 21110 | Lair:5   | Reached skill level 15 in Shields
 21419 | Lair:5   | Reached skill level 18 in Fighting
 21652 | Lair:5   | Found a burning altar of Makhleb.
 21773 | Lair:5   | Found a gateway to Hell.
 22079 | Orc:1    | Entered Level 1 of the Orcish Mines
 22213 | Orc:1    | Found a transporter.
 22215 | Orc:1    | Identified the +5 giant club "Dabbukko" {venom, Fragile
                  | Str+3 Dex+4}
 22215 | Orc:1    | Noticed Qig Fewk's ghost (journeyman HOFi)
 22227 | Orc:1    | Reached ****** piety under Trog
 22233 | Orc:1    | Identified the +7 hand axe "Fubeuv Erghi" {flame, Fly rPois
                  | rCorr Str-5} (Trog gifted it to you on level 1 of the
                  | Orcish Mines)
 22233 | Orc:1    | Received a gift from Trog
 22261 | Orc:1    | Found a transporter.
 22277 | Orc:1    | Reached skill level 15 in Axes
 22300 | Orc:1    | Killed Qig Fewk's ghost
 23401 | Orc:2    | Entered Level 2 of the Orcish Mines
 23610 | Orc:2    | Received a gift from Trog
 23631 | Orc:2    | Gained mutation: You occasionally lose the ability to drink
                  | potions when taking damage. [a neqoxec]
 23632 | Orc:2    | Gained mutation: You occasionally lose the ability to read
                  | scrolls when taking damage. [a neqoxec]
 23651 | Orc:2    | Lost mutation: You occasionally lose the ability to read
                  | scrolls when taking damage. [potion of mutation]
 23651 | Orc:2    | Lost mutation: You occasionally lose the ability to drink
                  | potions when taking damage. [potion of mutation]
 23651 | Orc:2    | Gained mutation: You are clumsy. (Dex -2) [potion of
                  | mutation]
 23651 | Orc:2    | Lost mutation: You are clumsy. (Dex -2) [potion of
                  | mutation]
 23788 | Orc:2    | Found Osheiwor's Armour Shop.
 23788 | Orc:2    | Found Feish's Armour Shop.
 23807 | Orc:2    | Found Gaske's Antique Weapon Boutique.
 23807 | Orc:2    | Found Uttonash's Weapon Boutique.
 23880 | Orc:2    | Bought a +0 plate armour of cold resistance for 300 gold
                  | pieces
 23996 | Orc:2    | Found a staircase to the Elven Halls.
 24691 | Swamp:1  | Entered Level 1 of the Swamp
 25552 | D:15     | Found a stormy altar of Qazlal.
 25825 | D:15     | Received a gift from Trog
 25921 | D:15     | Found a staircase to the Depths.
 26405 | Swamp:1  | Reached XP level 16. HP: 128/159 MP: 15/15
 27121 | Swamp:1  | Reached skill level 19 in Fighting
 27556 | Swamp:2  | Identified the +0 buckler of the Amoeba {Fly Will- Int+3}
 28421 | Swamp:3  | Noticed Aizul
 28443 | Swamp:3  | Killed Aizul
 28688 | Swamp:3  | Received a gift from Trog
 29654 | Swamp:4  | Entered Level 4 of the Swamp
 29725 | Swamp:4  | Reached skill level 15 in Dodging
 30017 | Swamp:4  | Noticed Louise
 30853 | Swamp:3  | HP: 5/241 [poisoned by a swamp dragon (poison gas)]
 30854 | Swamp:3  | Succumbed to a swamp dragon's poison gas

Illustrated notes

Levels and vault maps discovered:
D:1:      roderic_dead_forest, layout_loops_corners
D:2:      layout_rooms, amethyst_killhole, uniq_terence, uniq_natasha
D:3:      layout_basic, nicolae_tso_swordbearing_angel, serial_shops,
          nicolae_shop_bloodbath_and_beyond, hellmonk_ecumenical_altar_run_dry
D:4:      layout_rooms, trog_ov_bears_minmay
D:5:      layout_basic, tgw_sif, minmay_temple_entry_overgrown,
          nicolae_shop_overcharged_wands
D:6:      layout_loops_ring, hangedman_ru_absence
D:7:      layout_basic
D:8:      layout_loops_corners, general_overflow_altar,
          mainiacjoe_overflow_chevrons, minmay_mini_ossuary, uniq_erica,
          uniq_pikel
D:9:      layout_stronghold, mainiacjoe_overflow_alcove_2,
          mainiacjoe_overflow_catch_the_wave, nicolae_gozag_zags_fifth_avenue,
          uniq_grum
D:10:     layout_cross, lemuel_doored_altar, nicolae_elyvilon_peaceful_grove,
          enter_bailey_4, hangedman_corner_corridor, uniq_lodul
D:11:     layout_long_grid, erik_lair_orcish_takeover, orc_david_3
D:12:     layout_loops_ring
D:13:     minmay_inside_and_out, layout_irregular_city,
          grunt_vaults_entry_tiered, uniq_snorg, uniq_rupert
D:14:     layout_grid_maze, kennysheep_cluttered_room
D:15:     hangedman_depths_entry_try_elsewhere_first, layout_cave_pools,
          nicolae_qazlal_scattered_showers
Lair:1:   layout_roguey, lemuel_fruit_tree, uniq_harold
Lair:2:   layout_cellular_growth, palyth_hydra_swamp_entry,
          hellmonk_ghost_happy_afterlife
Lair:3:   beast_lair_carwin_large_3, layout_regular_city,
          hellmonk_spider_entry_not_the_bees, minmay_holes, lemuel_fruit_fields,
          uniq_gastronok
Lair:4:   layout_gridlike, serial_bayou_pond_a, infiniplex_staircase_pool_2,
          uniq_nessos
Lair:5:   evil_forest, layout_regular_city, nicolae_slime_entry_slimehenge,
          gammafunk_ghost_cemetery
Swamp:1:  layout_basic_swamp, serial_swamp_ruin, evilmike_swamp_ruin_wall,
          evilmike_swamp_ruin_house_3
Swamp:2:  layout_basic_swamp, evilmike_swamp_ruin_house_5
Swamp:3:  layout_basic_swamp, infiniplex_staircase_pool,
          beargit_elvish_explorers, uniq_aizul
Swamp:4:  grunt_swamp_rune_castle, layout_basic_swamp, swamp_pool5, uniq_louise
Orc:1:    cheibrodos_orc_bank, layout_caves, gammafunk_ghost_smash, basic_altar
Orc:2:    st_orc_mages, layout_diamond_mine, guppyfry_library_mini

Skill      XL: |  1  2  3  4  5  6  7  8  9 10 11 12 13 14 15 16 |
---------------+-------------------------------------------------+-----
Fighting       | 4 5 6 7 8 9 11 12 13 14 15 16 17 18 19 | 19.6
Armour         | 3 4 6 7 8 10 11 12 | 12.8
Dodging        | 3 5 7 8 9 10 12 13 14 15 | 15.4
Shields        | 3 7 10 11 12 13 14 16 17 | 17.1
Stealth        | 1 2 |  2.6
Axes           | 8 10 13 14 15 16 | 16.2

Action                     |  1- 3 |  4- 6 |  7- 9 | 10-12 | 13-15 | 16-18 || total
---------------------------+-------+-------+-------+-------+-------+-------++-------
  Melee: Hand axe          |    75 |    47 |       |       |       |       ||   122
         Headbutt          |     9 |    11 |    28 |   112 |   365 |   116 ||   641
         Punch             |     1 |       |       |     1 |       |       ||     2
         War axe           |       |     7 |   159 |   381 |  1278 |   479 ||  2304
         Executioner's axe |       |       |       |    66 |       |       ||    66
   Fire: Arbalest          |       |       |       |   129 |       |       ||   129
 Invoke: Berserk           |       |     2 |       |     9 |    12 |     8 ||    31
  Evoke: Wand              |       |       |     6 |     5 |    20 |     2 ||    33
    Use: Scroll            |     2 |     3 |     8 |    16 |    12 |     6 ||    47
         Potion            |       |       |       |     4 |     5 |     3 ||    12
   Stab: Distracted        |       |       |       |     1 |       |     1 ||     2
         Invisible         |       |       |       |       |     1 |       ||     1
 Armour: Animal skin       |     6 |       |       |       |       |       ||     6
         Chain mail        |    33 |       |       |       |       |       ||    33
         Ring mail         |    14 |    40 |   132 |   248 |   649 |   468 ||  1551
  Dodge: Dodged            |   107 |   105 |   202 |   503 |   843 |   603 ||  2363
  Block: Tower shield      |       |       |   135 |   462 |  1881 |   773 ||  3251

Table legend: (Time is in decaauts)
 A = Elapsed time spent in this place.
 B = Non-inter-level travel time spent in this place.
 C = Inter-level travel time spent in this place.
 D = Time resting spent in this place.
 E = Time spent auto-exploring this place.
 F = Levels seen in this place.
 G = Mean time per level.
                   A        B        C        D        E       F      G
               +--------+--------+--------+--------+--------+-----+--------+
         Total |  32663 |  28719 |   3944 |   7095 |      0 |  27 | 1209.7 |
       Dungeon |  17332 |  15006 |   2326 |   3251 |      0 |  15 | 1155.5 |
          Lair |   6705 |   5842 |    863 |   1219 |      0 |   5 | 1341.0 |
         Swamp |   5062 |   4602 |    460 |   2226 |      0 |   4 | 1265.5 |
  Orcish Mines |   2673 |   2379 |    294 |    222 |      0 |   2 | 1336.5 |
        Bailey |    888 |    888 |      0 |    176 |      0 |   1 |  888.0 |
               +--------+--------+--------+--------+--------+-----+--------+

Top non-repeatable levels by time:
 Swamp:3: 2858 daAuts
    D:13: 2611 daAuts
    D:14: 1989 daAuts
  Lair:2: 1754 daAuts
  Lair:5: 1618 daAuts
     D:9: 1448 daAuts
   Orc:1: 1431 daAuts
    D:10: 1339 daAuts
  Lair:4: 1337 daAuts
 Swamp:1: 1334 daAuts
   Orc:2: 1242 daAuts
     D:1: 1223 daAuts
    D:11: 1217 daAuts
  Lair:3: 1156 daAuts
     D:7: 1094 daAuts
